 Dungeon Crawl Stone Soup version 0.20-a0-926-g560771d (webtiles) character file.

77 Rrauwl the Bolt Thrower (level 4, -2/32 HPs)
             Began as a Barachi Arcane Marksman on Mar 28, 2017.
             Slain by Terence
             ... wielding a +0 mace
              (3 damage)
             ... on level 3 of the Dungeon.
             The game lasted 00:09:08 (2313 turns).

Rrauwl the Bolt Thrower (Barachi Arcane Marksman)   Turns: 2313, Time: 00:09:09

Health: -2/32      AC:  5    Str: 12    XL:     4   Next: 33%
Magic:  5/5        EV: 11    Int: 13    God:
Gold:   50         SH:  0    Dex: 13    Spells: 2/5 levels left

rFire    . . .     SeeInvis +   e - -2 hunting sling (curse)
rCold    . . .     Gourm    .   (no shield)
rNeg     . . .     Faith    .   j - +0 ring mail (curse)
rPois    .         Spirit   .   (no helmet)
rElec    .         Reflect  .   (no cloak)
rCorr    .         Harm     +   (no gloves)
MR       .....                  (no boots)
Stlth    +.........             b - amulet of harm
Regen    0.1/turn               o - ring of see invisible
MPRegen  0.1/turn               (no ring)

@: can't hop, slow
A: +LOS, swims, slowness 1, strong legs 1
a: Hop


You were on level 3 of the Dungeon.
You were not hungry.

You visited 1 branch of the dungeon, and saw 3 of its levels.

You collected 50 gold pieces.

Inventory:

Hand Weapons
 a - a +1 hand crossbow
 e - a cursed -2 hunting sling (weapon)
 p - a +0 hunting sling
Missiles
 d - 17 bolts
 h - 4 stones (quivered)
 i - 65 arrows
Armour
 j - a cursed +0 ring mail (worn)
Jewellery
 b - an amulet of harm (around neck)
 o - a ring of see invisible (left hand)
Scrolls
 k - 2 scrolls of teleportation
 m - a scroll of blinking
Potions
 l - a potion of agility
Books
 c - a book of Debilitation

   Spells                             Type                      Level
   a - Corona                         Hexes                        1
   b - Slow                           Hexes                        2
   c - Inner Flame                    Hexes/Fire                   3
   d - Portal Projectile              Hexes/Translocation          3
   e - Cause Fear                     Hexes                        4
   f - Leda's Liquefaction            Hexes/Earth                  4
Comestibles
 f - a bread ration
 g - 2 chunks of flesh
 q - a meat ration


   Skills:
 - Level 1.2 Fighting
 + Level 4.4 Crossbows
 - Level 2.1 Dodging
 - Level 1.1 Spellcasting
 - Level 3.2 Hexes


You had 2 spell levels left.
You knew the following spells:

 Your Spells              Type           Power        Failure   Level  Hunger
b - Portal Projectile     Hex/Tloc       #.....       92%         3    ####...


Dungeon Overview and Level Annotations

Branches:
Dungeon (3/15)

Altars:
Wu Jian

Annotations:
D:3 Terence


Innate Abilities, Weirdness & Mutations

Shadows flee at your approach. (+LOS)
You can swim through water.
You cover ground slowly.
You can hop short distances.


Message History

Terence barely misses you.
Firing (i - inventory):
h - 7 stones (quivered)
Press: ? - help, Shift-Dir - straight line, f/p - Terence
Aim: Terence, wielding a mace and wearing a chain mail (heavily wounded)
You shoot a stone. The stone closely misses Terence.
Terence hits you with a mace.
* * * LOW HITPOINT WARNING * * *
Firing (i - inventory):
h - 6 stones (quivered)
Press: ? - help, Shift-Dir - straight line, f/p - Terence
Aim: Terence, wielding a mace and wearing a chain mail (heavily wounded)
You shoot a stone.
The stone hits Terence but does no damage.
Terence is heavily wounded.
Terence closely misses you.
Firing (i - inventory):
h - 5 stones (quivered)
Press: ? - help, Shift-Dir - straight line, f/p - Terence
Aim: Terence, wielding a mace and wearing a chain mail (heavily wounded)
You shoot a stone. The stone barely misses Terence.
Terence hits you with a mace.
You die...

.. .## ... ..
#. ######
##(### .....#
.... ####.##
#.## #..##
#.@# ##..#####
##@#
##.....### #.#
#####...###.#
###.....###...
###........#
#........#
#..(.....#
#####.####


You could see Terence.

Vanquished Creatures
  An adder (D:2)
  2 oozes
  A dart slug (D:2)
  2 leopard geckos (D:1)
  A ball python (D:1)
  2 giant cockroaches (D:2)
  9 goblins
  5 hobgoblins
  5 jackals
  A quokka (D:2)
  8 bats
  A frilled lizard (D:1)
  3 kobolds (D:1)
  11 rats
52 creatures vanquished.

Notes
Turn   | Place    | Note
-------+----------+-------------------------------------------
     0 | D:1      | Rrauwl the Barachi Arcane Marksman began the quest for the Orb.
     0 | D:1      | Reached XP level 1. HP: 15/15 MP: 2/2
    57 | D:1      | Reached XP level 2. HP: 21/21 MP: 3/3
   224 | D:1      | Reached skill level 3 in Crossbows
   409 | D:1      | Reached XP level 3. HP: 25/26 MP: 4/4
  1166 | D:1      | Learned a level 3 spell: Portal Projectile
  1256 | D:2      | Reached skill level 4 in Crossbows
  1486 | D:2      | Reached XP level 4. HP: 28/32 MP: 5/5
  1487 | D:2      | Found an ornate altar of the Wu Jian Council.
  2256 | D:3      | Noticed Terence
  2311 | D:3      | HP: 1/32 [Terence/mace (2)]
  2313 | D:3      | Slain by Terence

Vault maps used:
D:1:      minmay_arrival_glassed_features, st_stairs_3
D:2:      lemuel_crystal_altar, serial_forest, infiniplex_forest_lined_2,
          infiniplex_forest_straight_5, infiniplex_forest_clump_cross,
          infiniplex_forest_straight_5, infiniplex_forest_clump_medium,
          infiniplex_forest_zigzag_1, infiniplex_forest_lined_corner
D:3:      uniq_terence

Skill      XL: |  1  2  3 |
---------------+----------+-----
Crossbows      | 3 4 |  4.4
Fighting       | |  1.2
Dodging        | |  2.1
Spellcasting   | |  1.1
Hexes          | |  3.2

Action                   |  1- 3 |  4- 6 || total
-------------------------+-------+-------++-------
Melee: Hunting sling     |       |    61 ||    61
 Fire: Hand crossbow     |    33 |       ||    33
       Hunting sling     |   156 |    85 ||   241
 Cast: Corona            |     1 |       ||     1
 Abil: Hop               |     3 |     2 ||     5
  Use: Scroll            |     6 |     2 ||     8
       Potion            |       |     2 ||     2
  Eat: Chunk             |     2 |     3 ||     5
Armor: Robe              |     1 |       ||     1
       Ring mail         |    49 |    27 ||    76
       Skin              |       |    16 ||    16
Dodge: Dodged            |    95 |    41 ||   136
